PAA
ASHEVILLE HIGHLANDERS @ CHESAPEAKE CONTINENTALS
08/23/2025
 
TOP OF THE 1ST
Asheville Highlanders batting - Pitching for Chesapeake Continentals : LHP Francisco Chávez
Pitching: LHP Francisco Chávez
Batting: SHB John Pemperton 0-0: Ball
1-0: Called Strike
1-1: Swinging Strike
1-2: SINGLE (Flyball, 89S)
Batting: RHB Lorenzo Rosas 0-0: Ball
1-0: Ball
2-0: Ball
3-0: Called Strike
3-1: Base on Balls
John Pemperton to second
Batting: RHB Bryce Bancroft 0-0: Ball
1-0: SINGLE (Groundball, 4MD)
John Pemperton to third
Lorenzo Rosas to second
Batting: RHB Víctor López 0-0: Called Strike
0-1: SINGLE (Groundball, 6MD)
John Pemperton scores
Lorenzo Rosas to third
Bryce Bancroft to second
Batting: RHB Moisés Quintana 0-0: Ball
1-0: Foul Ball, location: 2F
1-1: Reaches on Catchers interference
Lorenzo Rosas scores
Bryce Bancroft to third
Víctor López to second
Batting: LHB Jack Sutherland 0-0: Ball
1-0: Ball
2-0: Called Strike
2-1: SINGLE (Groundball, 34D)
Bryce Bancroft scores
Víctor López to third
Moisés Quintana to second
Runner from 3rd tries for Home, SAFE, no throw
Batting: RHB Edén Mont 0-0: Called Strike
0-1: Foul Ball, location: 2F
0-2: Ball
1-2: Ball
2-2: Foul Ball, location: 2F
2-2: SINGLE (Groundball, 34D)
Moisés Quintana to third
Jack Sutherland to second
Batting: LHB Luis Vicenteno 0-0: Ball
1-0: Ball
2-0: Swinging Strike
2-1: Ball
3-1: Base on Balls
Moisés Quintana scores
Jack Sutherland to third
Edén Mont to second
Batting: RHB Héctor Gallegos 0-0: Fly out, F9 (Flyball, 9S)
Batting: SHB John Pemperton 0-0: Ball
1-0: Ball
2-0: Foul Ball, location: 2F
2-1: Foul Ball, location: 2F
2-2: SINGLE (Line Drive, 8LS)
Jack Sutherland scores
Edén Mont to third
Luis Vicenteno to second
Batting: RHB Lorenzo Rosas 0-0: Ball
1-0: Ball
2-0: Grounds into double play, 6-4-3 (Groundball, 6)
Top of the 1st over - 6 run(s), 6 hit(s), 1 error(s), 2 left on base; Asheville 6 - Chesapeake 0
BOTTOM OF THE 1ST
Chesapeake Continentals batting - Pitching for Asheville Highlanders : RHP Jim Unknown
Pitching: RHP Jim Unknown
Batting: RHB Lionel McCloud 0-0: Foul Ball, location: 2F
0-1: Ball
1-1: Ball
2-1: Called Strike
2-2: Ground out 6-3 (Groundball, 6)
Batting: RHB Vincent Vega 0-0: Ball
1-0: Called Strike
1-1: Ball
2-1: Ground out U3 (Groundball, 34)
Batting: SHB Thomas Sherman 0-0: Ball
1-0: Ball
2-0: Called Strike
2-1: Fly out, F8 (Flyball, 8LM)
Bottom of the 1st over - 0 run(s), 0 hit(s), 0 error(s), 0 left on base; Asheville 6 - Chesapeake 0
TOP OF THE 2ND
Asheville Highlanders batting - Pitching for Chesapeake Continentals : LHP Francisco Chávez
Batting: RHB Bryce Bancroft 0-0: Ball
1-0: Swinging Strike
1-1: Ground out U3 (Groundball, 34)
Batting: RHB Víctor López 0-0: Called Strike
0-1: Foul Ball, location: 2F
0-2: Ball
1-2: Foul Ball, location: 2F
1-2: Hit by Pitch
Batting: RHB Moisés Quintana 0-0: Called Strike
0-1: Called Strike
0-2: Grounds into double play, 4-6-3 (Groundball, 34)
Top of the 2nd over - 0 run(s), 0 hit(s), 0 error(s), 0 left on base; Asheville 6 - Chesapeake 0
BOTTOM OF THE 2ND
Chesapeake Continentals batting - Pitching for Asheville Highlanders : RHP Jim Unknown
Batting: SHB Ludovic Michel 0-0: Ball
1-0: Ball
2-0: Ball
3-0: Base on Balls
Batting: SHB Dominique Prost 0-0: Foul Ball, location: 2F
0-1: Ball
1-1: Swinging Strike
1-2: Fielders Choice at 2nd, 3-6 (Groundball, 3)
Batting: RHB Jorge Rodríguez 0-0: Called Strike
0-1: Ball
1-1: Ball
2-1: Fly out, F8 (Line Drive, 8RM)
Batting: RHB Júlio Rodríguez 0-0: Foul Ball, location: 2F
0-1: Called Strike
0-2: Ball
1-2: Ball
2-2: Foul Ball, location: 2F
2-2: SINGLE (Line Drive, 56)
Dominique Prost to second
Batting: LHB Gerald Kaufman 0-0: Ball
1-0: Fielders Choice at 2nd, 5-4 (Groundball, 56)
Bottom of the 2nd over - 0 run(s), 1 hit(s), 0 error(s), 1 left on base; Asheville 6 - Chesapeake 0
TOP OF THE 3RD
Asheville Highlanders batting - Pitching for Chesapeake Continentals : LHP Francisco Chávez
Batting: LHB Jack Sutherland 0-0: Ball
1-0: Swinging Strike
1-1: Ball
2-1: Ball
3-1: Fly out, F8 (Flyball, 8LM)
Batting: RHB Edén Mont 0-0: Called Strike
0-1: Ball
1-1: Swinging Strike
1-2: Strikes out swinging
Batting: LHB Luis Vicenteno 0-0: Called Strike
0-1: Called Strike
0-2: Foul Ball, location: 2F
0-2: Foul Ball, location: 2F
0-2: DOUBLE (Line Drive, 78XD)
Batting: RHB Héctor Gallegos 0-0: Called Strike
0-1: Called Strike
0-2: Strikes out swinging
Top of the 3rd over - 0 run(s), 1 hit(s), 0 error(s), 1 left on base; Asheville 6 - Chesapeake 0
BOTTOM OF THE 3RD
Chesapeake Continentals batting - Pitching for Asheville Highlanders : RHP Jim Unknown
Batting: RHB Rudko Hrnjak 0-0: Called Strike
0-1: Ball
1-1: Ball
2-1: Called Strike
2-2: Ground out 5-3 (Groundball, 5S)
Batting: RHB Lionel McCloud 0-0: Swinging Strike
0-1: Ball
1-1: Foul Ball, location: 2F
1-2: Ball
2-2: Foul Ball, location: 2F
2-2: Fly out, F8 (Flyball, 8LD)
Batting: RHB Vincent Vega 0-0: Called Strike
0-1: Ball
1-1: Called Strike
1-2: Ball
2-2: Ball
3-2: Strikes out looking
Bottom of the 3rd over - 0 run(s), 0 hit(s), 0 error(s), 0 left on base; Asheville 6 - Chesapeake 0
TOP OF THE 4TH
Asheville Highlanders batting - Pitching for Chesapeake Continentals : LHP Francisco Chávez
Batting: SHB John Pemperton 0-0: Ball
1-0: Foul Ball, location: 2F
1-1: Called Strike
1-2: Ball
2-2: SINGLE (Groundball, 5D)
Batting: RHB Lorenzo Rosas 0-0: Foul Ball, location: 2F
0-1: SINGLE (Line Drive, 78S)
John Pemperton to second
Batting: RHB Bryce Bancroft 0-0: Foul Ball, location: 2F
0-1: SINGLE (Line Drive, 89M)
John Pemperton to third
Lorenzo Rosas to second
Batting: RHB Víctor López 0-0: Foul Ball, location: 2F
0-1: Ball
1-1: Swinging Strike
1-2: Strikes out swinging
Batting: RHB Moisés Quintana 0-0: Called Strike
0-1: Fly out, F6 (Line Drive, 6)
Lined into DP, 6-4 (Line Drive, 6)
Top of the 4th over - 0 run(s), 3 hit(s), 0 error(s), 2 left on base; Asheville 6 - Chesapeake 0
BOTTOM OF THE 4TH
Chesapeake Continentals batting - Pitching for Asheville Highlanders : RHP Jim Unknown
Batting: SHB Thomas Sherman 0-0: Swinging Strike
0-1: Ball
1-1: Foul Ball, location: 2F
1-2: Foul Ball, location: 2F
1-2: Foul Ball, location: 2F
1-2: Strikes out swinging
Batting: SHB Ludovic Michel 0-0: Swinging Strike
0-1: SINGLE (Flyball, 7S)
Batting: SHB Dominique Prost 0-0: Called Strike
0-1: Swinging Strike
0-2: Ball
1-2: Foul Ball, location: 2F
1-2: Ball
2-2: Ball
3-2: Grounds into double play, 3-6-1 (Groundball, 34)
Bottom of the 4th over - 0 run(s), 1 hit(s), 0 error(s), 0 left on base; Asheville 6 - Chesapeake 0
TOP OF THE 5TH
Asheville Highlanders batting - Pitching for Chesapeake Continentals : LHP Francisco Chávez
Batting: LHB Jack Sutherland 0-0: Ball
1-0: Called Strike
1-1: Swinging Strike
1-2: Strikes out looking
Batting: RHB Edén Mont 0-0: Swinging Strike
0-1: Foul Ball, location: 2F
0-2: Ball
1-2: Foul Ball, location: 2F
1-2: Ground out 5-3 (Groundball, 56)
Batting: LHB Luis Vicenteno 0-0: Called Strike
0-1: Called Strike
0-2: Ball
1-2: Ball
2-2: Ball
3-2: SOLO HOME RUN (Flyball, 9D), Distance : 374 ft
Batting: RHB Héctor Gallegos 0-0: Ball
1-0: Swinging Strike
1-1: Ball
2-1: Ball
3-1: Base on Balls
Pitching: LHP Carlos Medina
Batting: SHB John Pemperton 0-0: Ball
1-0: Ball
2-0: Ball
3-0: Called Strike
3-1: Base on Balls
Héctor Gallegos to second
Batting: RHB Lorenzo Rosas 0-0: Ball
1-0: Ball
2-0: Ball
3-0: Called Strike
3-1: Base on Balls
Héctor Gallegos to third
John Pemperton to second
Batting: RHB Bryce Bancroft 0-0: Foul Ball, location: 2F
0-1: Called Strike
0-2: Strikes out swinging
Top of the 5th over - 1 run(s), 1 hit(s), 0 error(s), 3 left on base; Asheville 7 - Chesapeake 0
BOTTOM OF THE 5TH
Chesapeake Continentals batting - Pitching for Asheville Highlanders : RHP Jim Unknown
Batting: RHB Jorge Rodríguez 0-0: Ball
1-0: Ball
2-0: Swinging Strike
2-1: Ball
3-1: Called Strike
3-2: Fly out, F9 (Flyball, 9)
Batting: RHB Júlio Rodríguez 0-0: Ball
1-0: Ball
2-0: Ball
3-0: Base on Balls
Batting: LHB Gerald Kaufman 0-0: Called Strike
0-1: Called Strike
Júlio Rodríguez is caught stealing 2nd base
0-2: Ground out 5-3 (Groundball, 5D)
Bottom of the 5th over - 0 run(s), 0 hit(s), 0 error(s), 0 left on base; Asheville 7 - Chesapeake 0
TOP OF THE 6TH
Asheville Highlanders batting - Pitching for Chesapeake Continentals : LHP Carlos Medina
Batting: RHB Víctor López 0-0: Ball
1-0: Ball
2-0: Swinging Strike
2-1: Foul Ball, location: 2F
2-2: Ball
3-2: Foul Ball, location: 2F
3-2: Ground out 5-3 (Groundball, 56)
Batting: RHB Moisés Quintana 0-0: Ball
1-0: Ball
2-0: Called Strike
2-1: Fly out, F9 (Flyball, 9LS)
Batting: LHB Jack Sutherland 0-0: Ball
1-0: Called Strike
1-1: Foul Ball, location: 2F
1-2: Ground out 6-3 (Groundball, 6)
Top of the 6th over - 0 run(s), 0 hit(s), 0 error(s), 0 left on base; Asheville 7 - Chesapeake 0
BOTTOM OF THE 6TH
Chesapeake Continentals batting - Pitching for Asheville Highlanders : RHP Jim Unknown
Batting: RHB Rudko Hrnjak 0-0: Ball
1-0: Ball
2-0: Fly out, F8 (Flyball, 8LM)
Batting: RHB Lionel McCloud 0-0: Foul Ball, location: 2F
0-1: Foul Ball, location: 2F
0-2: Foul Ball, location: 2F
0-2: Strikes out looking
Batting: RHB Vincent Vega 0-0: Ball
1-0: Swinging Strike
1-1: Ball
2-1: Foul Ball, location: 2F
2-2: Ball
3-2: Foul Ball, location: 2F
3-2: Base on Balls
Batting: SHB Thomas Sherman 0-0: Called Strike
0-1: Ball
1-1: Ball
2-1: Foul Ball, location: 2F
2-2: Ball
3-2: Foul Ball, location: 2F
3-2: Foul Ball, location: 2F
3-2: Base on Balls
Vincent Vega to second
Batting: SHB Ludovic Michel 0-0: Called Strike
0-1: Called Strike
0-2: Foul Ball, location: 2F
0-2: Ball
1-2: Ball
2-2: Foul Ball, location: 2F
2-2: Fielders Choice at 2nd, 4-6 (Groundball, 4)
Bottom of the 6th over - 0 run(s), 0 hit(s), 0 error(s), 1 left on base; Asheville 7 - Chesapeake 0
TOP OF THE 7TH
Asheville Highlanders batting - Pitching for Chesapeake Continentals : LHP Carlos Medina
Batting: RHB Edén Mont 0-0: Ball
1-0: Foul Ball, location: 2F
1-1: Called Strike
1-2: Ball
2-2: Ball
3-2: Base on Balls
Batting: LHB Luis Vicenteno 0-0: Ball
1-0: Ball
2-0: Called Strike
2-1: Ball
3-1: Base on Balls
Edén Mont to second
Batting: RHB Héctor Gallegos 0-0: Called Strike
0-1: Fly out, F9 (Flyball, 9LMF)
Batting: SHB John Pemperton 0-0: Ball
1-0: Ball
2-0: Foul Ball, location: 2F
2-1: Ball
3-1: Called Strike
3-2: Fly out, F7 (Flyball, 7)
Batting: RHB Lorenzo Rosas 0-0: Ball
Passed Ball!
Edén Mont to third
Luis Vicenteno to second
1-0: Called Strike
1-1: Ball
2-1: Fly out, F9 (Flyball, 9LS)
Top of the 7th over - 0 run(s), 0 hit(s), 0 error(s), 2 left on base; Asheville 7 - Chesapeake 0
BOTTOM OF THE 7TH
Chesapeake Continentals batting - Pitching for Asheville Highlanders : RHP Jim Unknown
Batting: SHB Dominique Prost 0-0: Called Strike
0-1: Swinging Strike
0-2: Foul Ball, location: 2F
0-2: Strikes out swinging
Batting: RHB Jorge Rodríguez 0-0: Ball
1-0: Ball
2-0: Ball
3-0: Base on Balls
Pitching: RHP Gus Gamble
Batting: RHB Júlio Rodríguez 0-0: Ball
1-0: Ball
2-0: Called Strike
2-1: Ball
3-1: Base on Balls
Jorge Rodríguez to second
Batting: LHB Gerald Kaufman 0-0: Ball
1-0: Ball
2-0: Called Strike
2-1: Ball
3-1: Foul Ball, location: 2F
3-2: Foul Ball, location: 2F
3-2: Foul Ball, location: 2F
3-2: Base on Balls
Jorge Rodríguez to third
Júlio Rodríguez to second
Batting: RHB Rudko Hrnjak 0-0: Called Strike
0-1: Fielders Choice at 2nd, 6-4 (Groundball, 6)
Jorge Rodríguez scores
Júlio Rodríguez to third
Batting: RHB Lionel McCloud 0-0: Called Strike
0-1: Ball
1-1: Ball
2-1: Foul Ball, location: 2F
2-2: Ball
3-2: SINGLE (Flyball, 78S)
Júlio Rodríguez scores
Rudko Hrnjak to second
Rudko Hrnjak to third
Batting: RHB Vincent Vega 0-0: Called Strike
0-1: Called Strike
0-2: Ball
1-2: Foul Ball, location: 2F
1-2: Foul Ball, location: 2F
1-2: Ball
2-2: Ball
3-2: Foul Ball, location: 2F
3-2: Base on Balls
Lionel McCloud to second
Batting: SHB Thomas Sherman 0-0: Ball
1-0: Called Strike
1-1: Called Strike
1-2: Ground out U3 (Groundball, 3)
Bottom of the 7th over - 2 run(s), 1 hit(s), 0 error(s), 3 left on base; Asheville 7 - Chesapeake 2
TOP OF THE 8TH
Asheville Highlanders batting - Pitching for Chesapeake Continentals : LHP Carlos Medina
Batting: RHB Bryce Bancroft 0-0: Ball
1-0: Foul Ball, location: 2F
1-1: Ball
2-1: SINGLE (Groundball, 6MD)
Batting: RHB Víctor López 0-0: Fly out, F7 (Flyball, 78M)
Batting: RHB Moisés Quintana 0-0: Called Strike
0-1: Swinging Strike
0-2: Strikes out looking
Pitching: LHP Luis Rodríguez
Batting: LHB Jack Sutherland 0-0: Called Strike
0-1: Ball
1-1: Ground out 3-1 (Groundball, 34S)
Top of the 8th over - 0 run(s), 1 hit(s), 0 error(s), 1 left on base; Asheville 7 - Chesapeake 2
BOTTOM OF THE 8TH
Chesapeake Continentals batting - Pitching for Asheville Highlanders : RHP Gus Gamble
Batting: SHB Ludovic Michel 0-0: Swinging Strike
0-1: Ball
1-1: Foul Ball, location: 2F
1-2: Ball
2-2: Foul Ball, location: 2F
2-2: SINGLE (Groundball, 6MD)
Batting: SHB Dominique Prost 0-0: Ball
1-0: Ball
2-0: Ball
3-0: Called Strike
3-1: Base on Balls
Ludovic Michel to second
Batting: RHB Jorge Rodríguez 0-0: Called Strike
0-1: Ball
1-1: Ball
2-1: Swinging Strike
2-2: Ball
3-2: Strikes out swinging
Batting: RHB Júlio Rodríguez 0-0: Ball
1-0: Foul Ball, location: 2F
1-1: Fly out, F8 (Flyball, 8RS)
Lined into DP, 8-6 (Flyball, 8RS)
Bottom of the 8th over - 0 run(s), 1 hit(s), 0 error(s), 1 left on base; Asheville 7 - Chesapeake 2
TOP OF THE 9TH
Asheville Highlanders batting - Pitching for Chesapeake Continentals : LHP Luis Rodríguez
Batting: RHB Edén Mont 0-0: Ball
1-0: Ball
2-0: Ball
3-0: Called Strike
3-1: Foul Ball, location: 2F
3-2: Hit by Pitch
Batting: LHB Luis Vicenteno 0-0: Ball
1-0: Called Strike
1-1: Foul Ball, location: 2F
1-2: Ball
2-2: Ball
3-2: Foul Ball, location: 2F
3-2: Base on Balls
Edén Mont to second
Batting: RHB Héctor Gallegos 0-0: Ball
1-0: Bunt - Flyout! F1
Batting: SHB John Pemperton 0-0: Grounds into double play, 6-4-3 (Groundball, 6)
Top of the 9th over - 0 run(s), 0 hit(s), 0 error(s), 1 left on base; Asheville 7 - Chesapeake 2
BOTTOM OF THE 9TH
Chesapeake Continentals batting - Pitching for Asheville Highlanders : RHP Gus Gamble
Pitching: RHP Jim Unknown
Batting: LHB Gerald Kaufman 0-0: Foul Ball, location: 2F
0-1: Ball
1-1: SINGLE (Groundball, 34S) (infield hit)
Batting: RHB Rudko Hrnjak 0-0: Fly out, F4 (Flyball, 34D)
Batting: RHB Lionel McCloud 0-0: Called Strike
0-1: Fly out, F7 (Flyball, 7LM)
Batting: RHB Vincent Vega 0-0: Ball
1-0: Ground out 5-3 (Groundball, 56S)
Bottom of the 9th over - 0 run(s), 1 hit(s), 0 error(s), 1 left on base; Asheville 7 - Chesapeake 2
Friday, December 30th, 2016 - OOTP Baseball 17.12 Build 75